 Dungeon Crawl Stone Soup version 0.28.0-43-g3370ac3207 (webtiles) character file.

Game seed: 12766459002115449728

948 nickcage the Basher (level 7, -3/57 HPs)
             Began as a Minotaur Fighter on Mar 7, 2022.
             Slain by Prince Ribbit (7 damage)
             ... on level 5 of the Dungeon.
             The game lasted 00:07:42 (4277 turns).

nickcage the Basher (Minotaur Fighter)              Turns: 4277, Time: 00:07:43

Health: -3/57      AC:  8    Str: 23    XL:     7   Next: 89%
Magic:  6/6        EV:  9    Int:  5    God:
Gold:   73         SH:  4    Dex:  9    Spells: 6/6 levels left

rFire   . . .      SeeInvis .   a - +0 flail
rCold   . . .      Faith    .   c - +0 buckler
rNeg    . . .      Spirit   .   b - +0 scale mail
rPois   .          Reflect  .   (helmet restricted)
rElec   .          Harm     .   (no cloak)
rCorr   .          Rampage  .   (no gloves)
Will    .....                   f - +0 pair of boots
Stlth   ..........              (no amulet)
HPRegen 0.19/turn               (no ring)
MPRegen 0.10/turn               (no ring)

@: no status effects
A: horns 2, retaliatory headbutt
a: no special abilities


You were on level 5 of the Dungeon.
You visited 1 branch of the dungeon, and saw 5 of its levels.

You collected 237 gold pieces.
You spent 164 gold pieces at shops.

Inventory:

Hand Weapons
 a - a +0 flail (weapon)
Missiles
 k - 43 stones (quivered)
Armour
 b - a +0 scale mail (worn)
 c - a +0 buckler (worn)
 f - a +0 pair of boots (worn)
Jewellery
 u - a ring of fire
Wands
 l - a wand of flame (1)
Scrolls
 h - a scroll of silence
 i - 3 scrolls of identify {unknown}
 j - a scroll of noise {unknown}
 m - 2 scrolls of immolation {unknown}
 r - a scroll of acquirement {unknown}
 s - 3 scrolls of enchant armour
Potions
 d - a potion of cancellation {unknown}
 g - 3 potions of curing {unknown}
 n - 3 potions of lignification {unknown}
 o - 2 potions of magic {unknown}
 p - a potion of invisibility {unknown}
 q - a potion of mutation {unknown}
 t - a potion of degeneration {unknown}
 w - a potion of resistance {unknown}
 x - a potion of brilliance {unknown}


   Skills:
 - Level 3.6 Fighting
 + Level 11.1 Maces & Flails
 - Level 3.6 Armour
 - Level 3.6 Shields


You had 6 spell levels left.
You didn't know any spells.
Your spell library contained the following spells:

 Spells                   Type           Power      Damage    Failure   Level
 Animate Skeleton         Necr           0%         N/A       86%         1
 Apportation              Tloc           0%         N/A       86%         1
 Summon Small Mammal      Summ           0%         N/A       86%         1


Dungeon Overview and Level Annotations

Branches:
Dungeon (5/15)
 Temple: D:4-7

Altars:

Shops:
D:4 [(?(

Annotations:
D:5 Prince Ribbit


Innate Abilities, Weirdness & Mutations

You have a pair of horns on your head.
You reflexively headbutt those who attack you in melee.


Message History

Prince Ribbit hits you!
You sock Prince Ribbit! Your headbutt misses Prince Ribbit.
Prince Ribbit is severely wounded.
Prince Ribbit hits you but does no damage.
Prince Ribbit barely misses you.
You hit Prince Ribbit.
Prince Ribbit is severely wounded.
Prince Ribbit hits you!
You hit Prince Ribbit.
Prince Ribbit is almost dead.
Prince Ribbit hits you!
You miss Prince Ribbit. Your headbutt misses Prince Ribbit.
Prince Ribbit is almost dead.
Prince Ribbit barely misses you.
You barely miss Prince Ribbit.
Prince Ribbit is almost dead.
Prince Ribbit barely misses you.
You closely miss Prince Ribbit.
Prince Ribbit is almost dead.
Prince Ribbit catches a mosquito with his tongue.
You block Prince Ribbit's attack.
You miss Prince Ribbit.
Prince Ribbit is almost dead.
You block Prince Ribbit's attack. Prince Ribbit hits you.
* * * LOW HITPOINT WARNING * * *
You hit Prince Ribbit.
Prince Ribbit is almost dead.
Prince Ribbit blinks!
You closely miss Prince Ribbit. Your headbutt misses Prince Ribbit.
Prince Ribbit is almost dead.
Prince Ribbit blinks!
You block Prince Ribbit's attack.
Prince Ribbit blinks!
Prince Ribbit hits you!
* * * LOW HITPOINT WARNING * * *
Prince Ribbit blinks!
Found a sedimented emerald potion.
You barely miss Prince Ribbit.
Prince Ribbit is almost dead.
Prince Ribbit hits you!
You die...

... #.# #.# ####.#
..#.#
...######.#.####
.........<#....###
.####..........#
#.###..#@#.#
#.###...F#.#
#...#....#.#
###.#....#!# ##
#...#.####.#
##.###.##.#.. .#
.........#.#.# ##
#.###.##...#.#
.......#.#.#.#


You could see Prince Ribbit.

Vanquished Creatures
  Grinder (D:5)
  Sigmund (D:2)
  An ogre (D:4)
  A gnoll sergeant (D:5)
  A howler monkey (D:5)
  3 jellies
  A hound (D:3)
  Natasha (thrice) (D:2)
  A hound zombie (D:5)
  7 gnolls
  7 adders
  A worm (D:2)
  3 endoplasms
  5 giant cockroaches
  4 goblins
  7 hobgoblins
  3 jackals (D:3)
  5 quokkas
  10 ball pythons
  2 bats
  2 frilled lizards
  7 kobolds
  4 rats
80 creatures vanquished.

Notes
Turn   | Place    | Note
-------+----------+-------------------------------------------
     0 | D:1      | nickcage the Minotaur Fighter began the quest for the Orb.
     0 | D:1      | Reached XP level 1. HP: 19/19 MP: 0/0
    64 | D:1      | Reached skill level 3 in Maces & Flails
   108 | D:1      | Reached XP level 2. HP: 25/26 MP: 1/1
   223 | D:1      | Reached skill level 4 in Maces & Flails
   655 | D:2      | Reached XP level 3. HP: 31/31 MP: 2/2
  1085 | D:2      | Reached skill level 5 in Maces & Flails
  1248 | D:2      | Noticed Natasha
  1256 | D:2      | Killed Natasha
  1257 | D:2      | Reached XP level 4. HP: 21/39 MP: 3/3
  1434 | D:2      | Noticed Sigmund
  1437 | D:2      | Noticed Natasha
  1444 | D:2      | Killed Sigmund
  1445 | D:2      | Reached skill level 7 in Maces & Flails
  1445 | D:2      | Reached XP level 5. HP: 41/45 MP: 4/4
  1445 | D:2      | Killed Natasha
  1446 | D:2      | Reached XP level 6. HP: 47/51 MP: 5/5
  1571 | D:2      | Noticed Natasha
  1577 | D:2      | Killed Natasha
  1959 | D:3      | Reached skill level 8 in Maces & Flails
  1982 | D:3      | Found a faded altar of an unknown god.
  2084 | D:3      | HP: 1/51 [gnoll/+0 halberd (8)]
  2947 | D:4      | Found Kowom's Antique Armour Emporium.
  2949 | D:4      | Found Diaplu's Antique Weapon Emporium.
  2950 | D:4      | Found Acsuumuj's Magic Scroll Emporium.
  2950 | D:4      | Found Oczog's Weapon Emporium.
  2976 | D:4      | Bought a scroll of enchant armour for 82 gold pieces
  2976 | D:4      | Bought a scroll of enchant armour for 82 gold pieces
  3137 | D:4      | Reached skill level 9 in Maces & Flails
  3137 | D:4      | Reached XP level 7. HP: 33/57 MP: 6/6
  3597 | D:5      | Entered Level 5 of the Dungeon
  3631 | D:5      | Noticed Grinder
  3636 | D:5      | Paralysed by Grinder for 3 turns
  3649 | D:5      | Killed Grinder
  3650 | D:5      | Reached skill level 10 in Maces & Flails
  3837 | D:5      | Reached skill level 11 in Maces & Flails
  3984 | D:5      | Noticed Prince Ribbit
  4277 | D:5      | Slain by Prince Ribbit

Illustrated notes

Levels and vault maps discovered:
D:1:      co_arrival_hall_of_pillars, layout_basic, kennysheep_boxes
D:2:      layout_basic, minmay_bisected, uniq_sigmund, uniq_natasha
D:3:      layout_basic, ebering_ecumenical_altar_abandoned
D:4:      layout_basic, minmay_shop_grid_forest
D:5:      layout_basic, minmay_liquid_box,
          nicolae_concentric_dashed_squares_wild, guppyfry_early_orc_mine,
          uniq_crazy_yiuf_cottage, uniq_grinder, uniq_prince_ribbit1

Skill      XL: |  1  2  3  4  5  6  7 |
---------------+----------------------+-----
Maces & Flails | 3 4 5 7 9 11 | 11.1
Fighting       | |  3.6
Armour         | |  3.6
Shields        | |  3.6

Action                   |  1- 3 |  4- 6 |  7- 9 || total
-------------------------+-------+-------+-------++-------
Melee: Flail             |    78 |    76 |    66 ||   220
       Headbutt          |     7 |    11 |     7 ||    25
  Use: Potion            |       |     1 |       ||     1
       Scroll            |       |       |     3 ||     3
Armor: Scale mail        |    28 |    19 |    14 ||    61
Dodge: Dodged            |    43 |    31 |    23 ||    97
Block: Buckler           |    29 |    13 |    12 ||    54
